 Dungeon Crawl Stone Soup version 0.30.1-9-gdf580d7c3d (webtiles) character file.

Game seed: 10920063773498712577

330826 Moox the Warrior (level 21, -12/250 HPs)
             Began as an Ogre Gladiator on Oct 16, 2023.
             Was the Champion of Ashenzari.
             Mangled by a spark wasp (15 damage)
             ... on level 15 of the Dungeon on Oct 19, 2023.
             The game lasted 05:21:42 (71276 turns).

Moox the Warrior (Ogre Gladiator)                  Turns: 71276, Time: 05:21:43

Health: -12/250    AC: 18    Str: 35    XL:     21   Next: 75%
Magic:  1/45       EV: 13    Int: 12    God:    Ashenzari [******]
Gold:   1270       SH:  5    Dex: 12    Spells: 7/60 levels left

rFire   . . .        y - +9 lajatang of the Profound Sun {freeze, Str+3 Dex+3, Self, Melee} (curse)
rCold   . . .        (shield currently unavailable)
rNeg    . . .        L - +5 acid dragon scales "Omission of Ashenzari" {rCorr, Comp, Bglg} (curse)
rPois   +            c - +1 hat "Cursed Stickiness" {Melee, Self} (curse)
rElec   .            P - +2 cloak of the Bound Sky {Elem, Comp} (curse)
rCorr   +            (gloves unavailable)
SInv    +            (boots unavailable)
Will    ++...        n - amulet "Lashed With Me" {Reflect SH+5, Alch, Elem} (curse)
Stlth   +++          G - ring "Moon of the Cursed Seer" {Wiz, Evo, Fort} (curse)
HPRegen 0.61/turn    K - ring of the Gnostic Seer {rPois, Elem, Cun} (curse)
MPRegen 0.29/turn

%: reflection, clarity, wizardry (x1)
@: no status effects
A: large, unfitting armour, tough skin 1, horns 1, strong 1
}: 2/15 runes: serpentine, barnacled
a: Renounce Religion, Shatter the Chains


You were on level 15 of the Dungeon.
You worshipped Ashenzari.
Ashenzari was exalted by your worship.
You visited 8 branches of the dungeon, and saw 36 of its levels.
You also visited: Wizlab.

You collected 4192 gold pieces.
You spent 2922 gold pieces at shops.

Inventory:

Hand Weapons
 y - the cursed +9 lajatang of the Profound Sun (weapon) {freeze, Str+3 Dex+3, Self, Melee}
   (You acquired it on level 8 of the Dungeon)

   Str:       It affects your strength (+3).
   Dex:       It affects your dexterity (+3).
   It has a curse which improves the following skills: Introspection: Fighting
   and Spellcasting.
   Melee Combat: Short Blades, Long Blades, Axes, Maces & Flails, Polearms,
   Staves and Unarmed Combat.
Missiles
 e - 7 large rocks
 i - 23 poisoned darts
 v - 4 silver javelins
 O - 5 curare-tipped darts
 S - 5 throwing nets
Armour
 c - the cursed +1 hat "Cursed Stickiness" (worn) {Melee, Self}

   It has a curse which improves the following skills: Melee Combat: Short
   Blades, Long Blades, Axes, Maces & Flails, Polearms, Staves and Unarmed
   Combat.
   Introspection: Fighting and Spellcasting.
 L - the cursed +5 acid dragon scales "Omission of Ashenzari" (worn) {rCorr, Comp, Bglg}
   (You bought it in a shop on level 4 of the Snake Pit)

   rCorr:     It protects you from acid and corrosion.
   It has a curse which improves the following skills: Companions: Summonings
   and Necromancy.
   Beguiling: Conjurations, Hexes and Translocations.
 P - the cursed +2 cloak of the Bound Sky (worn) {Elem, Comp}
   (You took it off Maurice on level 9 of the Dungeon)

   It has a curse which improves the following skills: Elements: Fire Magic, Ice
   Magic, Air Magic and Earth Magic.
   Companions: Summonings and Necromancy.
Jewellery
 b - a ring of resist corrosion
 d - a ring of willpower
 h - a ring of protection from cold
 n - the cursed amulet "Lashed With Me" (around neck) {Reflect SH+5, Alch, Elem}
   (You bought it in a shop on level 2 of the Orcish Mines)

   [amulet of reflection]

   It reflects blocked missile attacks.
   SH:        It affects your SH (+5).
   It has a curse which improves the following skills: Alchemy: Poison Magic and
   Transmutations.
   Elements:  Fire Magic, Ice Magic, Air Magic and Earth Magic.
 w - a ring of positive energy
 G - the cursed ring "Moon of the Cursed Seer" (left hand) {Wiz, Evo, Fort}
   (You found it on level 4 of the Dungeon)

   [ring of wizardry]

   It improves your spell success rate.
   It has a curse which improves the following skills: Evocations: Evocations.
   Fortitude: Armour and Shields.
 J - a ring of protection from cold
 K - the cursed ring of the Gnostic Seer (right hand) {rPois, Elem, Cun}
   (You found it on level 6 of the Dungeon)

   [ring of poison resistance]

   rPois:     It protects you from poison.
   It has a curse which improves the following skills: Elements: Fire Magic, Ice
   Magic, Air Magic and Earth Magic.
   Cunning:   Dodging and Stealth.
 Z - an amulet of regeneration
Wands
 k - a wand of mindburst (2)
 l - a wand of flame (40)
 A - a wand of iceblast (16)
 D - a wand of digging (10)
 T - a wand of quicksilver (11)
Scrolls
 f - 5 scrolls of enchant weapon
 g - 12 scrolls of magic mapping
 m - a scroll of blinking
 o - 3 scrolls of fog
 p - 4 scrolls of torment
 q - 2 scrolls of fear
 s - 6 scrolls of teleportation
 B - 6 scrolls of immolation
 C - 2 scrolls of brand weapon
 H - 6 scrolls of poison
 N - 4 scrolls of silence
 V - 3 scrolls of amnesia
 X - 2 scrolls of butterflies
Potions
 j - 10 potions of mutation
 r - 4 potions of attraction
 u - 5 potions of haste
 x - 12 potions of curing
 z - 3 potions of heal wounds
 E - 7 potions of brilliance
 F - 2 potions of ambrosia
 M - 5 potions of might
 Q - 6 potions of magic
 R - 5 potions of lignification
 U - 3 potions of cancellation
 W - 4 potions of flight
Miscellaneous
 a - a box of beasts (inert)
 t - a phantom mirror
 I - a piece from Xom's chessboard (15/15)
 Y - a phial of floods


   Skills:
 + Level 20.3(23.6) Fighting
 + Level 12.8(16.3) Staves
 - Level 2.0 Throwing
 - Level 5.5(8.0) Armour
 - Level 8.9(11.4) Dodging
 - Level 3.8(6.0) Stealth
 + Level 16.8(20.3) Spellcasting
 - Level 12.1(14.5) Conjurations
 - Level 1.0(2.4) Hexes
 - Level 3.1(6.1) Summonings
 - Level 3.0(6.0) Necromancy
 + Level 12.6(15.0) Translocations
 - Level 4.0(6.2) Transmutations
 - Level 10.4(15.1) Fire Magic
 - Level 3.7(7.8) Ice Magic
 + Level 16.7(21.3) Air Magic


You had 7 spell levels left.
You knew the following spells:

 Your Spells              Type           Power      Damage    Failure   Level
a - Kiss of Death         Conj/Necr      100%       2d13      1%          1
b - Mephitic Cloud        Conj/Pois/Air  41%        N/A       1%          3
c - Starburst             Conj/Fire      23%        6d8       1%          6
d - Volatile Blastmotes   Fire/Tloc      96%        2d18      1%          3
e - Ignite Poison         Fire/Tmut/Pois 29%        N/A       1%          3
f - Apportation           Tloc           96%        N/A       0%          1
g - Freezing Cloud        Conj/Ice/Air   23%        6-21      1%          5
h - Vhi's Electric Charg  Tloc/Air       100%       N/A       0%          3
i - Fulminant Prism       Conj/Hex       16%        3d10      1%          4
j - Sublimation of Blood  Necr           26%        N/A       1%          2
k - Blink                 Tloc           96%        N/A       0%          2
l - Summon Lightning Spi  Summ/Air       45%        N/A       1%          4
m - Airstrike             Air            29%        2d(5-21)  0%          4
n - Manifold Assault      Tloc           48%        N/A       1%          4
o - Maxwell's Capacitive  Air            29%        ∞         1%          8

Your spell library contained the following spells:

 Spells                   Type           Power      Damage    Failure   Level
 Magic Dart               Conj           100%       1d8       0%          1
 Lesser Beckoning         Tloc           96%        N/A       0%          2
 Static Discharge         Conj/Air       100%       2-7/arc   0%          2
 Necrotise                Necr           100%       1d9       1%          1
 Slow                     Hex            68%        N/A       1%          1
 Summon Small Mammal      Summ           100%       N/A       1%          1
 Cigotuvi's Dreadful Rot  Necr/Pois/Air  68%        N/A       1%          2
 Poisonous Vapours        Pois/Air       76%        N/A       1%          2
 Wereblood                Tmut           27%        N/A       1%          2
 Dazzling Flash           Conj/Hex       64%        N/A       1%          3
 Gell's Gravitas          Tloc           48%        N/A       1%          3
 Hailstorm                Conj/Ice       39%        3d9       1%          3
 Teleport Other           Tloc           48%        N/A       1%          3
 Vampiric Draining        Necr           26%        2d7       1%          3
 Dispel Undead            Necr           26%        3d13      1%          4
 Flame Wave               Conj/Fire      47%        2d12      1%          4
 Ice Form                 Ice/Tmut       29%        N/A       1%          4
 Iskenderun's Mystic Bla  Conj/Tloc      47%        2d10      1%          4
 Arcjolt                  Conj/Air       26%        1d36      1%          5
 Irradiate                Conj/Tmut      18%        3d17      1%          5
 Iskenderun's Battlesphe  Conj           47%        2d10      1%          5
 Silence                  Hex/Air        20%        N/A       1%          5
 Summon Forest            Summ/Tloc      18%        N/A       1%          5
 Dispersal                Tloc           24%        N/A       1%          6
 Confusing Touch          Hex            17%        N/A       2%          3
 Petrify                  Tmut/Erth      20%        N/A       4%          4
 Agony                    Necr           26%        N/A       4%          5
 Storm Form               Tmut/Air       22%        N/A       6%          7
 Summon Mana Viper        Hex/Summ       22%        N/A       9%          5
 Alistair's Intoxication  Tmut/Pois      13%        N/A       13%         5
 Borgnjor's Vile Clutch   Necr/Erth      10%        N/A       13%         5
 Simulacrum               Ice/Necr       14%        N/A       16%         6
 Summon Cactus Giant      Summ           13%        N/A       22%         6
 Lee's Rapid Deconstruct  Erth           6%         3d6*      34%         5
 Eringya's Noxious Bog    Tmut/Pois      10%        N/A       56%         6
 Summon Hydra             Summ           13%        N/A       73%         7
 Disjunction              Tloc           24%        N/A       26%         8
 Fire Storm               Conj/Fire      23%        8d6       98%         9
 Necromutation            Tmut/Necr      13%        N/A       100%        8


Dungeon Overview and Level Annotations

Branches:
Dungeon (15/15)            Temple (1/1) D:5            Lair (5/5) D:9
 Shoals (4/4) Lair:2        Snake (4/4) Lair:3        Slime (0/5) Lair:4
    Orc (2/2) D:10            Elf (0/3) Orc:2        Vaults (4/5) D:14
  Crypt (0/3) Vaults:3     Depths (1/4) D:15         WizLab (visited)

Altars:
Ashenzari
Cheibriados
Dithmenos
Elyvilon
Fedhas
Gozag
Hepliaklqana
Kikubaaqudgha
Makhleb
Nemelex Xobeh
Okawaru
Qazlal
Ru
Sif Muna
Trog
Uskayaw
Vehumet
Wu Jian
Xom
Yredelemnul
Zin
The Shining One

Shops:
D:2 !   D:7 *   D:9 *   D:10 *   D:12 [   Orc:1 [   Orc:2 ==[(   Shoals:2 (
Snake:1 ::=   Snake:3 =   Snake:4 *![   Vaults:2 (   Vaults:3 (   Vaults:4 :([=

Portals:
Trove: Vaults:4 (give 20 potions of curing)

Annotations:
D:3 2 transporters, Hoil's ghost, amateur DsBe
D:6 3 runed translucent doors, exclusion: 3 doors, BuzzardItera's ghost, amateur MiBe
D:11 exclusion: ice statue
D:12 2 transporters, Yklotitu's ghost, journeyman CeHu
Lair:4 2 transporters
Shoals:1 Mlioglotl
Orc:1 2 runed translucent doors, eliilek's ghost, journeyman MiBe


Innate Abilities, Weirdness & Mutations

You are too large for most types of armour.
You have tough skin. (AC +1)
You have a pair of small horns on your head.
Your muscles are strong. (Str +4, Int/Dex -1)


Message History

The spark wasp stings you!
* * * LOW HITPOINT WARNING * * *
The spark wasp shocks you!
* * * LOW HITPOINT WARNING * * *
Unknown command.
Press: ? - help, v - describe, . - travel
Here: an iron troll (moderately wounded)
The floor, spattered with blood.
Unknown command.
As you read the scroll of fear, it crumbles to dust.
You assume a fearsome visage.
The iron troll looks frightened!
The spark wasp looks frightened!
Casting: Manifold Assault (safe; 1% risk of failure)
Press: ? - help, Q - select action, (/) - cycle Dir - look around, f - activate Space momentarily warps into an impossible shape!
You slice the iron troll!! You freeze the iron troll.
Your attack snaps the iron troll out of its fear.
You hit the spark wasp. You freeze the spark wasp.
Your attack snaps the spark wasp out of its fear.
The spark wasp bursts into living lightning!
The living lightning misses you.
The spark wasp blinks! x2
Unknown command.
You hit the spark wasp but do no damage.
Your headbutt misses the spark wasp.
The spark wasp is almost dead.
The spark wasp stings you!
* * * LOW HITPOINT WARNING * * *
The spark wasp shocks you!
* * * LOW HITPOINT WARNING * * *
Blink to where?
Press: ? - help, Dir - move target
As you read the scroll of blinking, it crumbles to dust.
The spark wasp bursts into living lightning!
The living lightning hits you!!
* * * LOW HITPOINT WARNING * * *
The spark wasp blinks! x2; The spark wasp stings you.
* * * LOW HITPOINT WARNING * * *
The spark wasp shocks you!
You die...

#.####..## #.......## ..# #..#
####...... ######..# #...###
.....)..# ###### #......
........# ##.#..# #### #......
........#####.....###..## #......
.<..........##.##..#....###......
......#.###.#..###.......'.......
......#.# #.#...@###....####..###
........# #.####y####..## #...##
###########.###...##########.#.##
##........#.##§....##........#.##
..........'.#.§T....#.#.......)..
##....[...####§....##.#.#######..
###..........###>####.#.......#..
......######.# ### #.#######.#..
.....<+....#.# #.# #.#..


You could see an iron troll and a spark wasp.

Vanquished Creatures
  Saint Roka (Vaults:1)
  Nikola (Snake:1)
  Rupert (Lair:4)
  Jorgrun (Shoals:1)
  Agnes (D:14)
  A kraken (Shoals:4)
  Gastronok (D:12)
  A sphinx (Vaults:2)
  2 nagarajas (Snake:4)
  Ilsuiw (Shoals:3)
  A fire giant (Vaults:2)
  9 vault wardens
  Aizul (Snake:1)
  A frost giant (Shoals:4)
  Louise (D:14)
  2 draconian stormcallers (WizLab)
  3 orc warlords
  6 very ugly things
  Nessos (D:14)
  7 ironbound thunderhulks
  18 ironbound preservers
  A dire elephant (shapeshifter) (Vaults:2)
  7 statues (WizLab)
  An ettin (shapeshifter) (D:15)
  8 purple draconians (WizLab)
  11 dire elephants
  3 merfolk javelineers
  2 crystal guardians
  5 merfolk impalers
  2 ettins
  6 great orbs of eyes
  An entropy weaver (shapeshifter) (D:15)
  A fire dragon (Depths:1)
  An entropy weaver (Vaults:1)
  3 salamander tyrants (Snake:4)
  13 yaktaur captains
  Josephine (Snake:1)
  Fannar (Lair:2)
  5 vault guards
  2 hydras
  Harold (D:9)
  2 peacekeepers
  14 ironbound frosthearts
  16 anacondas
  An ogre mage (D:11)
  6 two-headed ogres
  12 centaur warriors
  2 alligator snapping turtles
  3 ghost crabs (Shoals:3)
  A satyr (Shoals:4)
  3 merfolk avatars
  5 merfolk aquamancers
  4 catoblepae
  A deep troll earth mage (Depths:1)
  6 boulder beetles
  12 naga warriors
  6 tengu warriors
  11 death yaks
  14 naga sharpshooters
  15 shock serpents
  5 skysharks
  Lodul (D:11)
  Amaemon (Lair:3)
  15 sea snakes
  6 salamander mystics (Snake:4)
  4 skeletal warriors (Vaults:3)
  A skyshark (shapeshifter) (Vaults:4)
  A storm dragon skeleton (Vaults:3)
  63 deep trolls
  3 naga ritualists
  An orb spider (shapeshifter) (Vaults:4)
  2 deep elf pyromancers (D:14)
  17 ironbound convokers
  A steelbarb worm (shapeshifter) (Vaults:4)
  4 wizards
  12 harpies
  A lindwurm (shapeshifter) (Vaults:4)
  11 lindwurms
  17 mana vipers
  2 orc sorcerers
  4 orc knights
  32 ugly things
  A sphinx skeleton (Vaults:3)
  12 salamanders
  A manticore (shapeshifter) (D:14)
  3 cyclopes
  2 shadow dragon skeletons (Vaults:3)
  A stone giant skeleton (Vaults:3)
  7 fauns
  13 manticores
  Joseph (D:9)
  9 merfolk sirens
  Maurice (D:9)
  2 human skeletons (Vaults:3)
  11 naga magi
  29 black mambas
  11 guardian serpents
  19 vault sentinels
  An orange demon (Lair:3)
  7 water nymphs
  An eye of devastation (shapeshifter) (Vaults:4)
  2 gargoyles (D:13)
  An unseen horror (D:11)
  13 cane toads
  A kobold demonologist (D:12)
  An elf skeleton (Vaults:3)
  32 yaktaurs
  A rime drake (Lair:3)
  6 komodo dragons
  15 tengu conjurers (WizLab)
  3 freezing wraiths (D:15)
  32 merfolk
  A merfolk (shapeshifter) (Vaults:4)
  7 trolls
  A queen bee (shapeshifter) (Vaults:4)
  4 wind drakes
  2 yaktaur skeletons (Vaults:3)
  A hornet (D:9)
  A tarantella (Vaults:1)
  8 blink frogs
  A dream sheep (shapeshifter) (D:13)
  5 dream sheep (Lair:3)
  9 snapping turtles
  25 slime creatures
  15 water elementals
  2 vampires
  52 yaks
  5 wyverns
  An ettin skeleton (Vaults:3)
  A yak (shapeshifter) (Vaults:4)
  A centaur simulacrum (D:15)
  6 wraiths
  3 shadows
  7 basilisks
  Grum (D:11)
  A steam dragon (D:10)
  17 vampire mosquitoes
  5 wargs
  23 nagas
  Duvessa (D:6)
  A spectral snapping turtle (Shoals:3)
  16 water moccasins
  10 ice beasts
  32 orc warriors
  An ogre skeleton (Vaults:3)
  6 boggarts
  16 ogres
  11 wolves
  A black bear (D:9)
  A phantom (D:5)
  5 kobold brigands
  10 bullfrogs
  2 gnoll sergeants
  2 scorpions
  10 wights
  Dowan (D:6)
  4 electric eels
  7 howler monkeys
  3 vampire bats (Lair:2)
  6 hounds
  2 jellies
  2 iguanas
  17 orc priests
  4 gnoll boudas
  4 hell rats (Lair:2)
  27 orc wizards
  A mummy (D:10)
  6 adders
  30 gnolls
  4 shadow imps
  4 white imps
  2 ufetubi
  A worm (D:2)
  4 dart slugs
  85 orcs
  3 ball pythons
  7 endoplasms
  4 giant cockroaches
  4 goblins
  3 hobgoblins
  4 jackals (D:3)
  A quokka (D:4)
  8 bats
  3 frilled lizards
  23 kobolds
  3 rats
  A spectral orc (D:9)
  A butterfly (Lair:3)
  2 fulminant prisms
  A tentacle (Shoals:4)
1325 creatures vanquished.

Vanquished Creatures (collateral kills)
  A nagaraja (Snake:4)
  A vault warden (Vaults:2)
  An ironbound preserver (Vaults:2)
  2 very ugly things (Vaults:2)
  A purple draconian (WizLab)
  A death knight (D:14)
  A merfolk aquamancer (Shoals:3)
  A naga warrior (Snake:3)
  A naga sharpshooter (Snake:1)
  A sea snake (Shoals:3)
  An ironbound convoker (Vaults:2)
  A harpy (Shoals:4)
  3 manticores
  A merfolk siren (Shoals:1)
  A water nymph (Shoals:2)
  A tengu conjurer (WizLab)
  2 merfolk (Shoals:3)
  2 snapping turtles (Shoals:1)
  2 vampire mosquitoes (D:15)
  5 nagas
  An orc warrior (Orc:2)
  A fulminant prism (Snake:4)
32 creatures vanquished.

Vanquished Creatures (others)
  A black mamba (Snake:2)
  A sleepcap (D:5)
  A gnoll (D:7)
  55 fulminant prisms
  11 tentacles
69 creatures vanquished.

Grand Total: 1426 creatures vanquished

Notes
Turn   | Place    | Note
-------+----------+-------------------------------------------
     0 | D:1      | Moox the Ogre Gladiator began the quest for the Orb.
     0 | D:1      | Reached XP level 1. HP: 22/22 MP: 1/1
   230 | D:1      | Reached XP level 2. HP: 27/29 MP: 2/2
   356 | D:1      | Reached XP level 3. HP: 31/36 MP: 3/3
   538 | D:2      | Found Heotwuw's Distillery.
   542 | D:2      | Bought a potion of lignification for 33 gold pieces
   948 | D:2      | Found a burning altar of Makhleb.
  1503 | D:3      | Noticed Hoil's ghost (amateur DsBe)
  1568 | D:3      | Reached skill level 5 in Staves
  1568 | D:3      | Reached XP level 4. HP: 33/44 MP: 4/4
  1806 | D:3      | Reached XP level 5. HP: 50/50 MP: 5/5
  1853 | D:3      | Found a transporter.
  1855 | D:3      | Found a transporter.
  2788 | D:4      | Learned a level 1 spell: Kiss of Death
  3089 | D:4      | Reached skill level 3 in Fighting
  3089 | D:4      | Reached XP level 6. HP: 56/61 MP: 6/6
  3388 | D:5      | Entered Level 5 of the Dungeon
  3405 | D:4      | Reached skill level 1 in Spellcasting
  3542 | D:5      | Found a sparkling altar of Nemelex Xobeh.
  3607 | D:4      | Reached skill level 1 in Conjurations
  3607 | D:4      | Reached skill level 1 in Necromancy
  3893 | D:5      | Reached XP level 7. HP: 35/68 MP: 11/11
  4149 | D:5      | Reached skill level 4 in Fighting
  4980 | D:5      | Found a staircase to the Ecumenical Temple.
  4985 | Temple   | Entered the Ecumenical Temple
  5105 | Temple   | Became a worshipper of Ashenzari the Shackled
  5200 | D:5      | Found a burning altar of Makhleb.
  5480 | D:6      | Reached skill level 5 in Fighting
  5522 | D:6      | Learned a level 3 spell: Dazzling Flash
  5555 | D:6      | Identified the +9 rapier of Insomnia {freeze, Will+ Int+2
                  | SInv}
  6233 | D:6      | Noticed BuzzardItera's ghost (amateur MiBe)
  6234 | D:6      | Noticed a kobold demonologist
  6238 | D:6      | Found a runed translucent gate.
  6238 | D:6      | Found a runed translucent gate.
  6241 | D:6      | Found a runed translucent gate.
  6368 | D:6      | Noticed Duvessa
  6397 | D:6      | Killed Duvessa
  6398 | D:6      | Reached XP level 8. HP: 83/83 MP: 12/12
  6412 | D:6      | Noticed Dowan
  6414 | D:6      | Killed Dowan
  6862 | D:5      | Reached skill level 6 in Fighting
  7249 | D:6      | Reached skill level 1 in Hexes
  7813 | D:6      | Learned a level 6 spell: Starburst
  8319 | D:7      | Found Cawasm's Assorted Antiques.
  8571 | D:7      | Reached skill level 7 in Fighting
  8571 | D:7      | Reached skill level 1 in Fire Magic
  8637 | D:7      | Found an ancient bone altar of Kikubaaqudgha.
  8778 | D:7      | Learned a level 3 spell: Volatile Blastmotes
  8920 | D:7      | Reached XP level 9. HP: 85/93 MP: 15/15
  9471 | D:7      | Reached skill level 5 in Spellcasting
 10875 | D:8      | Reached * piety under Ashenzari
 10875 | D:8      | Identified a scroll of acquirement
 10876 | D:8      | Acquired the +9 lajatang "Lifebane" {freeze, Str+3 Dex+3}
 11088 | D:8      | Reached skill level 5 in Fire Magic
 11096 | D:8      | Reached XP level 10. HP: 72/104 MP: 8/21
 11551 | D:8      | Learned a level 3 spell: Ignite Poison
 11971 | D:9      | Found a basalt altar of Yredelemnul.
 12123 | D:10     | Entered Level 10 of the Dungeon
 12150 | D:10     | Reached skill level 5 in Conjurations
 12355 | D:10     | Found an opulent altar of Gozag.
 12356 | D:10     | Found Gozag's Platinum Reserve.
 12362 | D:10     | Reached ** piety under Ashenzari
 12362 | D:10     | Reached *** piety under Ashenzari
 12448 | D:9      | Noticed Maurice
 12463 | D:9      | Killed Maurice
 12530 | D:9      | Found a hazy altar of Hepliaklqana.
 12579 | D:9      | Noticed Joseph
 12587 | D:9      | Killed Joseph
 12632 | D:9      | Found Ywobih's Serpentskin Sales.
 12757 | D:9      | Noticed Harold
 12772 | D:9      | Killed Harold
 12773 | D:9      | Reached skill level 10 in Staves
 12863 | D:9      | Reached XP level 11. HP: 115/115 MP: 24/24
 13120 | D:9      | Found a staircase to the Lair.
 13911 | D:10     | Found a snail-covered altar of Cheibriados.
 14232 | D:10     | Found a staircase to the Orcish Mines.
 14368 | D:10     | Found a sacrificial altar of Ru.
 14678 | Lair:1   | Entered Level 1 of the Lair of Beasts
 15195 | Lair:1   | Identified the +0 spear "Salabedo" {freeze, rN++ Str+3}
 15432 | Lair:2   | Reached skill level 8 in Fighting
 15568 | Lair:2   | Noticed a skyshark
 15687 | Lair:2   | Killed a skyshark
 15889 | Lair:2   | Reached skill level 9 in Fighting
 15934 | Lair:1   | Reached skill level 5 in Dodging
 16128 | Lair:2   | Noticed a skyshark
 16138 | Lair:2   | Killed a skyshark
 16161 | Lair:2   | Reached XP level 12. HP: 123/130 MP: 26/26
 16652 | Lair:2   | Identified the +1 helmet of the Lich-sworn {Dex+5}
 16668 | Lair:2   | Noticed Fannar
 16682 | Lair:2   | Killed Fannar
 16683 | Lair:2   | Reached skill level 10 in Fighting
 16805 | Lair:2   | Found a staircase to the Shoals.
 17361 | Lair:3   | Noticed Amaemon
 17472 | Lair:3   | You fall into a shaft and drop 2 floors!
 17472 | Lair:5   | Entered Level 5 of the Lair of Beasts
 17508 | Lair:4   | Identified the +1 scale mail of the Screaming Gods {Str+4
                  | Int+5}
 17728 | Lair:5   | Reached **** piety under Ashenzari
 17899 | Lair:5   | Reached skill level 11 in Fighting
 17924 | Lair:5   | Learned a level 1 spell: Apportation
 18073 | Lair:4   | Noticed Rupert
 18457 | Lair:3   | Killed Amaemon
 18546 | Lair:3   | Reached XP level 13. HP: 73/145 MP: 29/29
 18942 | Lair:3   | Learned a level 5 spell: Freezing Cloud
 19033 | Lair:3   | Found a staircase to the Snake Pit.
 19138 | Lair:3   | Reached skill level 1 in Ice Magic
 19138 | Lair:3   | Reached skill level 1 in Air Magic
 19514 | Lair:3   | Reached ***** piety under Ashenzari
 19795 | Orc:1    | Entered Level 1 of the Orcish Mines
 20419 | Orc:1    | Found a large runed translucent door.
 20419 | Orc:1    | Found a large runed translucent door.
 20490 | Orc:1    | Noticed eliilek's ghost (journeyman MiBe)
 20729 | Orc:1    | Found a bloodstained altar of Trog.
 20757 | Orc:1    | Found Curaiso's Armour Shoppe.
 20981 | Orc:2    | Entered Level 2 of the Orcish Mines
 21142 | Orc:2    | Found a staircase to the Elven Halls.
 21394 | Orc:2    | Found Ushott's Jewellery Shoppe.
 21399 | Orc:2    | Bought a ring of willpower for 375 gold pieces
 21399 | Orc:2    | Bought an amulet of reflection for 450 gold pieces
 21745 | Orc:2    | Noticed an ettin
 21779 | Orc:2    | Killed an ettin
 21995 | Orc:2    | Found Penyhoef's Jewellery Shop.
 22723 | Orc:2    | Noticed an orc warlord
 22741 | Orc:2    | Killed an orc warlord
 23266 | Orc:2    | Found Zotz's Antique Weapon Shop.
 23268 | Orc:2    | Found Zohec's Antique Armour Boutique.
 24418 | Lair:4   | Found a transporter.
 24438 | Lair:4   | Killed Rupert
 24693 | Lair:4   | Found a transporter.
 24831 | Lair:4   | Found a staircase to the Slime Pits.
 25365 | Lair:5   | Reached XP level 14. HP: 132/157 MP: 8/31
 25777 | Lair:5   | Reached skill level 10 in Conjurations
 26124 | D:11     | Noticed Grum
 26606 | D:11     | Killed Grum
 26882 | D:11     | Noticed Lodul
 27130 | D:12     | Noticed Gastronok
 27140 | D:12     | Killed Gastronok
 27431 | D:12     | Identified Ythraveg's Dissertation on the Switch and
                  | Turbulence
 27445 | D:12     | Learned a level 3 spell: Vhi's Electric Charge
 27695 | D:12     | Found a transporter.
 27695 | D:12     | Found a transporter.
 27695 | D:12     | Identified the +0 helmet of the Abyss {rF+ rN+ Str+9
                  | Stlth-}
 27695 | D:12     | Identified the staff of air "Juith" {rElec rF- Will- Int+8
                  | SInv}
 27709 | D:12     | Noticed Yklotitu's ghost (journeyman CeHu)
 27776 | D:12     | Found Pigger's Armour Emporium.
 28010 | D:11     | Killed Lodul
 28471 | D:11     | Identified the +1 scale mail of the Thistle {Rampage rF++
                  | Str+3}
 29005 | D:13     | Learned a level 4 spell: Fulminant Prism
 29008 | D:13     | Learned a level 2 spell: Sublimation of Blood
 29508 | D:13     | Reached skill level 10 in Fire Magic
 29812 | D:13     | Reached skill level 10 in Spellcasting
 30453 | D:14     | Found a shadowy altar of Dithmenos.
 30663 | D:14     | Found a gate to the Vaults.
 30663 | D:14     | Noticed an ironbound preserver
 30663 | D:14     | Noticed Louise
 30696 | D:14     | Noticed Nessos
 31342 | Lair:5   | Reached skill level 12 in Fighting
 31414 | Lair:5   | Reached XP level 15. HP: 119/167 MP: 15/32
 31759 | Snake:1  | Entered Level 1 of the Snake Pit
 31896 | Snake:1  | Reached skill level 1 in Summonings
 32267 | Snake:1  | Found Wetoos's Book Shoppe.
 32269 | Snake:1  | Found Miwofan's Jewellery Shop.
 32270 | Snake:1  | Found Qitix's Book Shoppe.
 32289 | Snake:1  | Bought a manual of Air Magic for 800 gold pieces
 32293 | Snake:1  | Bought an Inescapable Atlas for 512 gold pieces
 32297 | Snake:1  | Learned a level 2 spell: Blink
 32302 | Snake:1  | Learned a level 4 spell: Summon Lightning Spire
 32307 | Snake:1  | Learned a level 4 spell: Airstrike
 32535 | Snake:1  | Reached skill level 5 in Air Magic
 33337 | Snake:1  | Noticed Nikola
 33455 | Snake:1  | Killed Nikola
 33535 | Snake:1  | Noticed Aizul
 33550 | Snake:1  | Killed Aizul
 33653 | Snake:1  | Reached skill level 13 in Fighting
 34175 | Snake:1  | Learned a level 3 spell: Mephitic Cloud
 34326 | Snake:1  | Noticed Josephine
 34335 | Snake:1  | Killed Josephine
 34663 | Snake:2  | Identified the +3 leather armour of the King of the Hill
                  | {rN+ Dex+3}
 35117 | Snake:2  | Reached XP level 16. HP: 127/182 MP: 0/34
 35522 | Snake:2  | Reached skill level 10 in Air Magic
 35952 | Snake:3  | Found Vaxuem's Jewellery Boutique.
 37091 | Snake:3  | Reached ****** piety under Ashenzari
 37225 | Snake:3  | Reached skill level 14 in Fighting
 37855 | Snake:4  | Entered Level 4 of the Snake Pit
 37859 | Snake:4  | Noticed a nagaraja
 37870 | Snake:4  | Killed a nagaraja
 38707 | Snake:4  | Found Bediuby's Armour Shop.
 38708 | Snake:4  | Found Upohowi's Distillery.
 40469 | Snake:4  | Found Xaef's General Store.
 40556 | Snake:4  | Reached skill level 15 in Fighting
 41677 | Shoals:1 | Entered Level 1 of the Shoals
 41677 | Shoals:1 | Noticed Jorgrun
 41681 | Shoals:1 | Reached skill level 1 in Armour
 41689 | Shoals:1 | Killed Jorgrun
 42034 | Shoals:1 | Reached XP level 17. HP: 188/190 MP: 19/37
 42160 | Shoals:1 | Learned a level 7 spell: Storm Form
 42289 | Shoals:1 | Identified the +3 chain mail of Gozag {rElec rC+ Str+3}
 42563 | Shoals:1 | Noticed Mlioglotl
 42577 | Shoals:1 | Gained mutation: Armour fits poorly on your strangely
                  | shaped body. [a shining eye]
 42812 | Shoals:1 | Reached skill level 1 in Transmutations
 43625 | Shoals:2 | Identified the cursed +2 cloak of the Bound Sky {Elem,
                  | Comp} (You took it off Maurice on level 9 of the Dungeon)
 43625 | Shoals:2 | Identified the cursed +1 hat "Cursed Stickiness" {Melee,
                  | Self}
 43625 | Shoals:2 | Identified the cursed +2 robe of the Pangnostic Moon {rC+,
                  | Elem, Cun} (You took it off Fannar on level 2 of the Lair
                  | of Beasts)
 44572 | D:14     | Found a blossoming altar of Fedhas.
 45010 | D:14     | Reached skill level 1 in Stealth
 45192 | D:14     | Killed Nessos
 45312 | D:14     | Noticed Agnes
 45313 | D:14     | Killed Louise
 45320 | D:14     | Killed Agnes
 46236 | Snake:4  | Bought +1 acid dragon scales for 752 gold pieces
 46786 | D:15     | Entered Level 15 of the Dungeon
 48280 | D:15     | Found a staircase to the Depths.
 49437 | Shoals:2 | Found Wemenif's Weapon Boutique.
 49545 | Shoals:2 | Reached skill level 5 in Armour
 50574 | Shoals:3 | Noticed Ilsuiw
 50587 | Shoals:3 | Killed Ilsuiw
 50588 | Shoals:3 | Reached XP level 18. HP: 157/208 MP: 6/38
 50590 | Shoals:3 | Reached skill level 16 in Fighting
 51094 | Shoals:3 | Learned a level 4 spell: Manifold Assault
 51187 | Shoals:3 | Reached skill level 1 in Translocations
 51676 | Shoals:4 | Entered Level 4 of the Shoals
 52544 | Shoals:4 | Reached skill level 5 in Translocations
 52809 | Shoals:4 | Identified the +2 pair of gloves of the Present {Slay+3
                  | Stlth+}
 54210 | Shoals:4 | Got a barnacled rune of Zot
 54650 | Shoals:1 | Noticed a Hell Sentinel
 55979 | Snake:4  | Reached XP level 19. HP: 185/217 MP: 7/39
 56179 | Snake:4  | Got a serpentine rune of Zot
 56594 | Vaults:1 | Entered Level 1 of the Vaults
 56944 | Vaults:1 | Found a magical portal.
 56949 | WizLab   | Entered Iskenderun's Mystic Tower
 57292 | WizLab   | Reached skill level 17 in Fighting
 58711 | WizLab   | Identified Iskenderun's Thoughts on Conjuration
 58711 | WizLab   | Identified Iskenderun's Cyclopedia of Energy
 59593 | Vaults:1 | Noticed Saint Roka
 59915 | Vaults:1 | Killed Saint Roka
 59952 | Vaults:1 | Reached skill level 15 in Air Magic
 59957 | Vaults:1 | Reached skill level 10 in Translocations
 61068 | Vaults:1 | Reached skill level 18 in Fighting
 61475 | Vaults:1 | Reached XP level 20. HP: 234/234 MP: 29/42
 61876 | Vaults:2 | Found Kijig's Antique Weapon Boutique.
 62417 | Vaults:1 | Reached skill level 15 in Spellcasting
 62429 | Vaults:1 | Learned a level 8 spell: Maxwell's Capacitive Coupling
 63121 | Vaults:2 | Lost mutation: Armour fits poorly on your strangely shaped
                  | body. [potion of mutation]
 63121 | Vaults:2 | Gained mutation: You have a pair of small horns on your
                  | head. [potion of mutation]
 63121 | Vaults:2 | Gained mutation: Your muscles are strong. (Str +4, Int/Dex
                  | -1) [potion of mutation]
 64513 | Vaults:2 | Reached skill level 19 in Fighting
 66521 | Vaults:3 | Reached XP level 21. HP: 209/248 MP: 35/44
 67603 | Vaults:3 | Found Feantuc's Weapon Emporium.
 67976 | Vaults:3 | Found a staircase to the Crypt.
 69095 | Vaults:4 | Reached skill level 20 in Fighting
 69661 | Vaults:4 | Found Gesi's Weapon Emporium.
 69671 | Vaults:4 | Found Amicwula's Book Boutique.
 70014 | Vaults:4 | Found Kipega's Antique Armour Shoppe.
 70687 | Vaults:4 | Found Ficasinn's Jewellery Shoppe.
 70712 | Vaults:4 | Found a portal to a secret trove of treasure.
 71191 | Depths:1 | Entered Level 1 of the Depths
 71276 | D:15     | HP: 7/250 [spark wasp/living lightning (22)]
 71276 | D:15     | HP: 3/250 [spark wasp (4)]
 71276 | D:15     | Mangled by a spark wasp

Illustrated notes

Levels and vault maps discovered:
D:1:      minmay_arrival_stair_chambers, layout_basic
D:2:      layout_basic, serial_shops, nicolae_shop_rolling_square, basic_altar
D:3:      layout_basic, gammafunk_ghost_arena, hangedman_decor_push,
          minmay_crystal_room
D:4:      layout_basic, hangedman_decor_slide_cut,
          nicolae_concentric_dashed_squares_mild, minmay_cut_off
D:5:      layout_loops_ring, overflow_temple_1_default,
          makhleb_heckhound_becter, temple_statues, st_stairs_7,
          lemuel_flame_loot_1
D:6:      layout_basic, gammafunk_ghost_nasty_kobolds, uniq_duvessa
D:7:      layout_loops_ring, mainiacjoe_overflow_boulevard, serial_shops, shop
D:8:      layout_loops_ring
D:9:      layout_long_grid, yredelemnul_forgotten_temple_becter,
          mainiacjoe_overflow_24_doors, david_lair_generic, guppyfry_shop_venom,
          uniq_maurice, uniq_harold, uniq_joseph
D:10:     layout_roguey, nicolae_gozag_zags_fifth_avenue,
          nicolae_ru_awakened_eye, slow_altar_1, david_orc_1_choice
D:11:     minmay_twisted_water, layout_irregular_city, uniq_lodul, uniq_grum
D:12:     layout_roguey, gammafunk_ghost_hive, serial_shops, shop,
          uniq_gastronok
D:13:     layout_cave_pods
D:14:     layout_basic, skrybe_vaults_entry_preservation,
          nicolae_dithmenos_shadow_blocks, fedhas_altar_1, uniq_agnes,
          uniq_louise, uniq_nessos
D:15:     gammafunk_enter_depths_forms, layout_basic, minmay_misc_feat_iff
Temple:   nicolae_temple_ecumenical_triangle
Lair:1:   layout_long_grid
Lair:2:   layout_chaotic_city, minmay_shoals_entry_hut, roderic_batcave,
          infiniplex_staircase_pool_2, serial_bayou_shore_b, uniq_fannar
Lair:3:   layout_cave_pods, nicolae_snake_entry_squirm, lemuel_fruit_fields,
          lemuel_fruit_fields, uniq_amaemon
Lair:4:   gammafunk_boulding_lane, layout_misc_corridors,
          dpeg_slime_entry_corner, serial_bayou_pond_a, grunt_megastairs_4,
          uniq_rupert
Lair:5:   evilmike_catoblepas_cave, layout_layer_cave
Shoals:1: layout_shoals, uniq_jorgrun, uniq_mlioglotl
Shoals:2: layout_shoals, serial_shops, nicolae_shop_back_alley_shop,
          nicolae_shoals_siren_and_animal_friends
Shoals:3: layout_shoals, nicolae_shoals_spectral_cove, uniq_ilsuiw
Shoals:4: shoals_end_grunt_ice, layout_shoals, nicolae_shoals_cliffside_cave
Snake:1:  layout_rooms, portal_ice_cave_entry_pillars_four, grunt_megastairs_5,
          minmay_shop_grove, lemuel_fruit_tree, uniq_josephine, uniq_nikola,
          uniq_aizul
Snake:2:  layout_basic, nicolae_integral_box
Snake:3:  nicolae_snake_attic_fulla_snakes, layout_cave_shapes, serial_shops,
          shop, serial_bayou_pond_e, nicolae_snake_gridmaze_swirls
Snake:4:  snake_pit_salamanders_mu, layout_basic, minmay_shop_star
Orc:1:    layout_diamond_mine, ebering_ghost_disaster_area, serial_shops, shop,
          basic_altar
Orc:2:    grunt_orc_community_town_hall, layout_diamond_mine,
          grunt_orc_community_big_house_1, grunt_orc_community_big_house_2,
          grunt_orc_community_house_2, grunt_orc_community_house_1,
          grunt_orc_community_house_2, grunt_orc_community_house_2,
          grunt_orc_community_house_3, grunt_orc_community_house_1
Vaults:1: infiniplex_enter_wizlab_spiral, vaults_room_boxed,
          nicolae_vaults_sightless_eye, grunt_vaults_twisty,
          hangedman_vaults_slither, nicolae_vaults_storage_room_doors,
          hangedman_vaults_maws, ontoclasm_vaults_decontamination,
          nicolae_vaults_storage_closets_1, layout_vaults_chaotic_city,
          uniq_saint_roka
Vaults:2: v_alt_pattern_5, v_misc_16, v_rooms_4, nicolae_vaults_swerve,
          v_misc_27, hangedman_vaults_stretched_pinwheel, grunt_vaults_funnel,
          nicolae_vaults_big_ls, ontoclasm_vaults_chip, st_lattice,
          nicolae_vaults_asterisk, layout_vaults_ring, serial_shops,
          nicolae_shop_hallway_stairs
Vaults:3: nicolae_vaults_more_shelving_2, nicolae_vaults_network_quinsquares
          [nicolae_vaults_network_quincunx_subvault,
          nicolae_vaults_network_quincunx_subvault,
          nicolae_vaults_network_quincunx_subvault,
          nicolae_vaults_network_quincunx_subvault], v_misc_15,
          nicolae_vaults_apartment_2, hangedman_vaults_pinch, v_misc_24,
          nicolae_vaults_house_1, nicolae_vaults_trapezoid_lopsided_3,
          layout_vaults_omnigrid, minmay_crypt_entry_skeletal_spiral,
          serial_shops, shop
Vaults:4: dpeg_vaults_monster_box, v_misc_11,
          nicolae_vaults_offset_grid_hallway_3, hangedman_vaults_cutoff,
          nicolae_vaults_network_square, vaults_dpeg_ring,
          nicolae_vaults_offset_grid_hallway_4, nicolae_vaults_rhombus_7,
          nicolae_vaults_trapezoid_lopsided_1, nicolae_vaults_wine_cellar,
          nicolae_vaults_loss_of_containment, nicolae_vaults_little_squares_6,
          layout_vaults_omnicross, enter_trove_6, serial_shops, shop, shop,
          nicolae_shop_tiny_waterfront, nicolae_book_shop_shelving
Depths:1: layout_gridlike, enter_ziggurat_b, minmay_misc_feat_plants,
          pf_hell_entry_tar_spiral, hangedman_aerie_drop

Skill      XL: |  1  2  3  4  5  6  7  8  9 10 11 12 13 14 15 16 17 18 19 20 21 |
---------------+----------------------------------------------------------------+-----
Staves         | 4 5 6 7 8 10 11 12 | 12.8
Fighting       | 3 5 7 9 11 12 13 15 16 18 19 20 | 20.3
Spellcasting   | 3 4 6 7 8 9 10 11 12 13 14 16 | 16.8
Conjurations   | 1 3 5 6 9 12 | 12.1
Necromancy     | 1 2 3 |  3.0
Dodging        | 3 4 5 6 7 8 |  8.9
Hexes          | 1 |  1.0
Fire Magic     | 1 5 6 8 10 | 10.4
Ice Magic      | 3 |  3.7
Air Magic      | 3 9 13 14 15 16 | 16.7
Summonings     | 3 |  3.1
Armour         | 1 5 |  5.5
Transmutations | 4 |  4.0
Stealth        | 3 |  3.8
Translocations | 8 10 11 12 | 12.6
Throwing       | |  2.0

Action                     |  1- 3 |  4- 6 |  7- 9 | 10-12 | 13-15 | 16-18 | 19-21 || total
---------------------------+-------+-------+-------+-------+-------+-------+-------++-------
  Melee: Quarterstaff      |    13 |    14 |     8 |       |       |       |       ||    35
         Whip              |    57 |    77 |   217 |       |       |       |       ||   351
         Punch             |       |     1 |       |       |       |     1 |       ||     2
         Rapier            |       |       |    82 |       |       |       |       ||    82
         Lajatang          |       |       |    18 |   360 |   417 |   622 |  1189 ||  2606
         Unarmed           |       |       |       |       |       |    31 |       ||    31
         Headbutt          |       |       |       |       |       |       |    46 ||    46
  Throw: Dart              |    24 |    49 |    27 |    88 |    91 |       |     1 ||   280
         Large rock        |     1 |     6 |    11 |     5 |    22 |    28 |    11 ||    84
         Throwing net      |       |     5 |     5 |     6 |     3 |       |       ||    19
         Stone             |       |       |    38 |       |       |       |       ||    38
         Boomerang         |       |       |    19 |    27 |    15 |       |       ||    61
         Javelin           |       |       |       |       |       |       |     1 ||     1
   Cast: Kiss of Death     |       |     1 |       |       |       |     1 |       ||     2
         Dazzling Flash    |       |       |     2 |     2 |     3 |       |       ||     7
         Volatile Blastmot |       |       |     5 |    35 |    34 |     5 |     1 ||    80
         Ignite Poison     |       |       |       |     3 |    12 |    10 |     3 ||    28
         Starburst         |       |       |       |     1 |    28 |    15 |     3 ||    47
         Freezing Cloud    |       |       |       |       |   113 |    70 |     4 ||   187
         Fulminant Prism   |       |       |       |       |    16 |    39 |     3 ||    58
         Vhi's Electric Ch |       |       |       |       |     4 |    49 |    72 ||   125
         Sublimation of Bl |       |       |       |       |     9 |    11 |     1 ||    21
         Airstrike         |       |       |       |       |    48 |   264 |    17 ||   329
         Summon Lightning  |       |       |       |       |    17 |    53 |    30 ||   100
         Mephitic Cloud    |       |       |       |       |     1 |    14 |     5 ||    20
         Blink             |       |       |       |       |       |     6 |     8 ||    14
         Storm Form        |       |       |       |       |       |     4 |       ||     4
         Manifold Assault  |       |       |       |       |       |   141 |   426 ||   567
         Maxwell's Capacit |       |       |       |       |       |       |     3 ||     3
         Apportation       |       |       |       |       |       |       |     2 ||     2
 Invoke: Curse Item        |       |       |     2 |     2 |     2 |     1 |     1 ||     8
         Shatter the Chain |       |       |       |       |       |     1 |       ||     1
  Evoke: Wand              |       |     1 |    14 |    18 |    11 |    10 |     2 ||    56
         Box of beasts     |       |       |       |     1 |     1 |     2 |     1 ||     5
         Phial of floods   |       |       |       |       |       |     1 |       ||     1
    Use: Scroll            |       |       |    15 |     3 |     7 |     9 |     4 ||    38
         Potion            |       |       |     2 |     2 |     3 |     3 |     4 ||    14
   Stab: Sleeping          |     2 |       |       |       |       |     3 |     3 ||     8
         Held in net/web   |       |       |       |     1 |       |       |       ||     1
         Distracted        |       |       |       |       |     1 |     6 |     1 ||     8
         Confused          |       |       |       |       |       |     2 |       ||     2
 Armour: Robe              |    14 |     9 |    55 |    50 |    80 |    45 |       ||   253
         Skin              |       |       |     1 |       |       |    10 |       ||    11
         Acid dragon scale |       |       |       |       |       |    78 |    98 ||   176
  Dodge: Dodged            |    20 |    44 |   137 |   132 |   186 |   263 |   169 ||   951
  Block: Other             |       |       |       |       |    53 |   112 |    67 ||   232
         Reflection        |       |       |       |       |     9 |    15 |    11 ||    35
